 Dungeon Crawl Stone Soup version 0.31-a0-1178-gc5c9b8f871 (webtiles) character file.

Game seed: 15066410795445104919

4289 qw the Skirmisher (level 10, -6/64 HPs)
             Began as a Gargoyle Hunter on Dec 11, 2023.
             Was an Elder of Okawaru.
             Mangled by Jeremiah
             ... wielding a +2 trident of draining
              (8 damage)
             ... on level 7 of the Dungeon.
             The game lasted 00:02:56 (5454 turns).

qw the Skirmisher (Gargoyle Hunter)                 Turns: 5454, Time: 00:02:56

Health: -6/64      AC: 20    Str: 15    XL:     10   Next: 32%
Magic:  13/13      EV: 14    Int: 10    God:    Okawaru [****..]
Gold:   382        SH:  0    Dex: 23    Spells: 9/9 levels left

rFire   . . .        a - +1 shortbow (drain)
rCold   . . .        (shield currently unavailable)
rNeg    + . .        d - +3 leather armour
rPois   inf          m - +2 helmet
rElec   +            g - +0 cloak
rCorr   .            j - +1 pair of gloves
SInv    +            (no boots)
Will    .....        (no amulet)
Stlth   ++           e - ring of see invisible
HPRegen 0.30/turn    f - +6 ring of dexterity
MPRegen 0.13/turn

%: no passive effects
@: about to teleport
A: sickness immunity, AC +7, negative energy resistance 1, electricity
resistance, torment resistance 1, petrification resistance
a: Renounce Religion, Heroism, Finesse


You were on level 7 of the Dungeon.
You worshipped Okawaru.
Okawaru was greatly pleased with you.
You visited 2 branches of the dungeon, and saw 8 of its levels.

You collected 382 gold pieces.


Innate Abilities, Weirdness & Mutations

You are immune to sickness and miasma.
Your stone body is resilient. (AC +7)
You are immune to poison.
You resist negative energy. (rN+)
You are resistant to electric shocks. (rElec)
You are resistant to unholy torment.
You are immune to petrification.


   Skills:
 - Level 8.0 Fighting
 + Level 11.2 Ranged Weapons
 - Level 4.2 Armour
 - Level 4.1 Dodging
 - Level 1.1 Stealth
 + Level 4.5 Invocations


You had 9 spell levels left.
You didn't know any spells.
Your spell library was empty.

Inventory:

Hand Weapons
 a - a +1 shortbow of draining (weapon)
Armour
 d - a +3 leather armour (worn)
 g - a +0 cloak (worn)
 j - a +1 pair of gloves (worn)
 m - a +2 helmet (worn)
Jewellery
 e - a ring of see invisible (left hand)
 f - a +6 ring of dexterity (right hand)
 k - a +4 ring of protection
 p - a ring of protection from fire
Wands
 q - a wand of digging (5)
Potions
 b - 2 potions of mutation
 c - a potion of enlightenment
 o - a potion of haste

Dungeon Overview and Level Annotations

Branches:
Dungeon (7/15)             Temple (1/1) D:4

Altars:
Ashenzari
Cheibriados
Dithmenos
Elyvilon
Fedhas
Gozag
Hepliaklqana
Makhleb
Nemelex Xobeh
Okawaru
Ru
Sif Muna
Trog
Uskayaw
Vehumet
Wu Jian
Xom
Yredelemnul
The Shining One

Annotations:
D:7 Jeremiah


Message History

Something smites you!
The butterfly disappears in a burst of colours! x3
Jeremiah cries, "Fearful master, protect me!"
Something smites you!
You shoot an arrow. The jelly quivers.
The arrow hits the jelly.
You drain the jelly.
The jelly is severely wounded.
The butterfly disappears in a burst of colours! x2
The butterfly disappears in a burst of colours! x2
Jeremiah cries, "Fearful master, protect me!"
Something smites you!
You shoot an arrow.
The arrow hits the jelly but does no damage.
The jelly is severely wounded.
Jeremiah seems less drained.
The butterfly disappears in a burst of colours!
You shoot an arrow. The arrow hits the jelly!
You kill the jelly!
Okawaru accepts your kill.
The butterfly disappears in a burst of colours!
The butterfly disappears in a burst of colours! x2
The butterfly disappears in a burst of colours!
You shoot an arrow. The arrow hits Jeremiah.
Jeremiah is moderately wounded.
The butterfly disappears in a burst of colours! x2
The butterfly disappears in a burst of colours! x2
The butterfly disappears in a burst of colours! x4
Jeremiah hits you from afar with a +2 trident of draining!
5452 ||| READING scroll of teleportation.
As you read the scroll of teleportation, it crumbles to dust.
You feel strangely unstable. Jeremiah hits you but does no damage.
The butterfly disappears in a burst of colours! x2
Jeremiah cries, "Fearful master, protect me!"
Something smites you!
The butterfly disappears in a burst of colours!
Jeremiah hits you from afar with a +2 trident of draining!
You die...
Jeremiah says, "O terrible one, your will is done."

#. ... ###. ######## ...
h.. #~~~~~~~ #.# ### #..
#### ~~~~~ #.# [f..#..
..#############.#
.......###.##b...b....##.#
.........b<##...b#.##.##.#
......##....b......##....#
..... #.....@b....####.##
.... #..bb.bbbb.b###..#
... #).....bFb..##...# ..
###..####b#.##.#### .
##...##...##.#~~#
###.###..##.#~~#
#..##..##.#~~#
##.##.b##.#~~#
#.##..##.#~~#


You could see Jeremiah.

Vanquished Creatures
  Joseph (D:7)
  Grinder (D:3)
  Sigmund (D:3)
  Edmund (D:5)
  A water moccasin (D:6)
  4 black bears
  5 ice beasts
  4 ogres
  A kobold brigand (D:6)
  3 phantoms
  Blork the orc (D:6)
  3 bullfrogs
  A scorpion (D:5)
  8 wights (D:6)
  6 jellies
  11 hounds
  3 orc priests
  3 sleepcaps
  Jessica (D:2)
  9 iguanas
  Natasha (D:2)
  Terence (D:3)
  Robin (D:2)
  4 gnolls (D:2)
  6 adders
  A shadow imp (D:7)
  A white imp (D:5)
  2 ufetubi (D:6)
  2 worms (D:3)
  3 dart slugs
  9 orcs
  9 ball pythons
  7 bats
  8 endoplasms
  4 giant cockroaches
  16 hobgoblins
  8 jackals
  7 kobolds
  4 quokkas
  2 frilled lizards
  7 goblins
  6 rats
177 creatures vanquished.

Notes
Turn   | Place    | Note
-------+----------+-------------------------------------------
     0 | D:1      | qw the Gargoyle Hunter began the quest for the Orb.
     0 | D:1      | Reached XP level 1. HP: 12/12 MP: 1/1
     0 | D:1      | 0 ||| qw: Version: 0.3-a-106-g2cfff9e
     0 | D:1      | 0 ||| qw: Game counter: 2055
     0 | D:1      | 0 ||| qw: Melee chars always use a shield: true
     0 | D:1      | 0 ||| qw: God list: Okawaru
     0 | D:1      | 0 ||| qw: Allow faded altars: false
     0 | D:1      | 0 ||| qw: Do Orc after clearing Dungeon:15 true
     0 | D:1      | 0 ||| qw: Do second Lair branch before Depths: true
     0 | D:1      | 0 ||| qw: Lair rune preference: random
     0 | D:1      | 0 ||| qw: Goals: Normal, Save, Zot:1-4, Win
     0 | D:1      | 0 ||| PLANNING D:1-11
   212 | D:1      | Reached XP level 2. HP: 10/17 MP: 2/2
   361 | D:1      | Reached XP level 3. HP: 19/21 MP: 3/3
   389 | D:1      | Reached skill level 5 in Ranged Weapons
   501 | D:1      | You fall into a shaft and drop 1 floor!
   535 | D:2      | 535 ||| UPGRADING to +0 ring mail.
   545 | D:2      | 545 ||| DROPPING +0 leather armour.
   546 | D:2      | 546 ||| UPGRADING to ring of see invisible.
   547 | D:2      | 547 ||| READING scroll labelled UTEV KIJAJIARI.
   547 | D:2      | 547 ||| IDENTIFYING smoky green potion
   548 | D:2      | 548 ||| READING scroll labelled LABOF VOSOF.
   548 | D:2      | 548 ||| BRANDING +0 shortbow.
   549 | D:2      | 549 ||| READING scroll labelled PEATZO VENIMME.
   550 | D:2      | 550 ||| DROPPING scroll of butterflies.
   551 | D:2      | 551 ||| DROPPING potion of degeneration.
   717 | D:1      | 717 ||| READING 2 scrolls labelled HURUTIFYANK.
   718 | D:1      | 718 ||| READING scroll labelled BEUMOZUIGH.
   718 | D:1      | 718 ||| ENCHANTING +0 shortbow of draining.
   719 | D:1      | 719 ||| DROPPING scroll of noise.
   740 | D:2      | 740 ||| STAIRDANCE
   773 | D:2      | 773 ||| RETREEAATING.
   774 | D:2      | 774 ||| Stepping ~*~*~tactically~*~*~ (retreating).
   775 | D:2      | 775 ||| Stepping ~*~*~tactically~*~*~ (retreating).
   780 | D:2      | 780 ||| Stepping ~*~*~tactically~*~*~ (retreating).
   781 | D:2      | 781 ||| Stepping ~*~*~tactically~*~*~ (retreating).
   783 | D:2      | Reached skill level 1 in Armour
   790 | D:2      | Reached XP level 4. HP: 16/27 MP: 4/4
   791 | D:2      | Reached skill level 3 in Fighting
   913 | D:2      | Found a sacrificial altar of Ru.
   950 | D:2      | Noticed Robin
   962 | D:2      | Killed Robin
  1082 | D:2      | Noticed Jessica
  1086 | D:2      | Killed Jessica
  1087 | D:2      | Reached XP level 5. HP: 26/32 MP: 5/5
  1087 | D:2      | 1087 ||| FLEEEEING.
  1088 | D:2      | 1088 ||| FLEEEEING.
  1089 | D:2      | 1089 ||| FLEEEEING.
  1090 | D:2      | 1090 ||| FLEEEEING.
  1091 | D:2      | 1091 ||| FLEEEEING.
  1387 | D:2      | Noticed Natasha
  1389 | D:2      | Killed Natasha
  1390 | D:2      | Reached skill level 6 in Ranged Weapons
  1706 | D:2      | 1706 ||| UPGRADING to +0 helmet.
  1711 | D:2      | 1711 ||| UPGRADING to +0 cloak.
  1716 | D:2      | 1716 ||| UPGRADING to +0 pair of gloves.
  1721 | D:2      | 1721 ||| READING 2 scrolls of identify.
  1721 | D:2      | 1721 ||| IDENTIFYING fizzy green potion
  1722 | D:2      | 1722 ||| READING scroll of identify.
  1722 | D:2      | 1722 ||| IDENTIFYING white potion
  1723 | D:2      | 1723 ||| READING scroll labelled FEEPPUBUPO.
  1728 | D:2      | 1728 ||| DROPPING potion of berserk rage.
  1843 | D:3      | Noticed Terence
  1848 | D:3      | Killed Terence
  1882 | D:3      | Found a white marble altar of Elyvilon.
  1918 | D:3      | Noticed Grinder
  1920 | D:3      | 1920 ||| FLEEEEING.
  1924 | D:3      | 1924 ||| STAIRDANCE
  1924 | D:3      | Paralysed by Grinder for 3 turns
  1927 | D:3      | 1927 ||| STAIRDANCE
  1946 | D:2      | 1946 ||| READING scroll labelled CAN WAFUCAMAUR.
  2047 | D:2      | 2047 ||| READING scroll labelled GEMUAPH OLELYUB.
  2047 | D:2      | 2047 ||| ENCHANTING +0 pair of gloves.
  2051 | D:3      | Paralysed by Grinder for 5 turns
  2060 | D:3      | Paralysed by Grinder for 2 turns
  2064 | D:3      | Paralysed by Grinder for 4 turns
  2073 | D:3      | 2073 ||| STAIRDANCE
  2147 | D:3      | Paralysed by Grinder for 5 turns
  2152 | D:3      | 2152 ||| STAIRDANCE
  2193 | D:3      | Killed Grinder
  2194 | D:3      | Reached XP level 6. HP: 36/40 MP: 6/6
  2194 | D:3      | 2194 ||| STAIRDANCE
  2245 | D:3      | Noticed Sigmund
  2250 | D:3      | 2250 ||| DRINKING silvery potion.
  2251 | D:3      | 2251 ||| DRINKING green potion.
  2259 | D:3      | Killed Sigmund
  2260 | D:3      | Reached XP level 7. HP: 44/44 MP: 7/7
  2411 | D:3      | Reached skill level 7 in Ranged Weapons
  2632 | D:3      | 2632 ||| UPGRADING to +6 ring of dexterity.
  2633 | D:3      | 2633 ||| DROPPING ring of magical power.
  2634 | D:3      | 2634 ||| READING 2 scrolls labelled ZICZEJ QUTZU.
  2635 | D:3      | 2635 ||| DROPPING scroll of fear.
  3057 | D:4      | Reached skill level 8 in Ranged Weapons
  3057 | D:4      | Reached XP level 8. HP: 49/49 MP: 8/8
  3096 | D:4      | Found an opulent altar of Gozag.
  3098 | D:4      | Found a sparkling altar of Nemelex Xobeh.
  3101 | D:4      | Found a hide-covered altar of Uskayaw.
  3244 | D:4      | Found a staircase to the Ecumenical Temple.
  3245 | D:4      | 3245 ||| PLANNING TEMPLE
  3245 | D:4      | 3245 ||| UPGRADING to +2 helmet.
  3255 | D:4      | 3255 ||| DROPPING +0 helmet.
  3256 | D:4      | 3256 ||| READING 3 scrolls labelled ETYLETRALAE.
  3257 | D:4      | 3257 ||| DRINKING 2 fuming silvery potions.
  3258 | D:4      | 3258 ||| DROPPING 2 scrolls of immolation.
  3266 | Temple   | Entered the Ecumenical Temple
  3267 | Temple   | 3267 ||| PLANNING OKAWARU WORSHIP
  3276 | Temple   | Became a worshipper of Warmaster Okawaru
  3277 | Temple   | 3277 ||| PLANNING D:1-11
  3422 | D:5      | Entered Level 5 of the Dungeon
  3543 | D:5      | Reached skill level 9 in Ranged Weapons
  3612 | D:5      | Reached skill level 3 in Armour
  3658 | D:5      | Reached * piety under Okawaru
  3659 | D:5      | Reached skill level 6 in Fighting
  3684 | D:5      | Noticed Edmund
  3701 | D:5      | Killed Edmund
  3702 | D:5      | Reached skill level 1 in Invocations
  3702 | D:5      | 3702 ||| FLEEEEING.
  3706 | D:5      | 3706 ||| FLEEEEING.
  3711 | D:5      | 3711 ||| FLEEEEING.
  3712 | D:5      | 3712 ||| FLEEEEING.
  3714 | D:5      | 3714 ||| FLEEEEING.
  3716 | D:5      | 3716 ||| FLEEEEING.
  3717 | D:5      | 3717 ||| FLEEEEING.
  3718 | D:5      | 3718 ||| FLEEEEING.
  3719 | D:5      | 3719 ||| FLEEEEING.
  3720 | D:5      | 3720 ||| FLEEEEING.
  3721 | D:5      | 3721 ||| FLEEEEING.
  3722 | D:5      | 3722 ||| FLEEEEING.
  3723 | D:5      | 3723 ||| FLEEEEING.
  3724 | D:5      | 3724 ||| FLEEEEING.
  3725 | D:5      | 3725 ||| FLEEEEING.
  3726 | D:5      | 3726 ||| FLEEEEING.
  3732 | D:5      | 3732 ||| FLEEEEING.
  3733 | D:5      | 3733 ||| FLEEEEING.
  3734 | D:5      | 3734 ||| FLEEEEING.
  3735 | D:5      | 3735 ||| FLEEEEING.
  3736 | D:5      | 3736 ||| STAIRDANCE
  3769 | D:4      | 3769 ||| READING scroll of identify.
  3769 | D:4      | 3769 ||| IDENTIFYING cyan potion
  3790 | D:5      | Reached skill level 3 in Dodging
  3820 | D:5      | Reached XP level 9. HP: 55/55 MP: 11/11
  3822 | D:5      | Reached skill level 3 in Invocations
  4106 | D:5      | Found a bloodstained altar of Trog.
  4113 | D:5      | Reached ** piety under Okawaru
  4125 | D:5      | 4125 ||| DROPPING ring of fire.
  4126 | D:5      | 4126 ||| DROPPING ring of protection from cold.
  4163 | D:6      | 4163 ||| RETREEAATING.
  4164 | D:6      | 4164 ||| RETREEAATING.
  4165 | D:6      | 4165 ||| STILL RETREEAATING.
  4204 | D:6      | Reached skill level 10 in Ranged Weapons
  4401 | D:6      | Noticed Blork the orc
  4405 | D:6      | Killed Blork the orc
  4406 | D:6      | 4406 ||| FLEEEEING.
  4410 | D:6      | 4410 ||| FLEEEEING.
  4411 | D:6      | 4411 ||| FLEEEEING.
  4412 | D:6      | 4412 ||| FLEEEEING.
  4413 | D:6      | 4413 ||| FLEEEEING.
  4479 | D:6      | 4479 ||| Stepping ~*~*~tactically~*~*~ (retreating).
  4482 | D:6      | 4482 ||| Stepping ~*~*~tactically~*~*~ (retreating).
  4509 | D:6      | Reached *** piety under Okawaru
  4640 | D:6      | Reached skill level 11 in Ranged Weapons
  4658 | D:6      | HP: 9/57 [wight/+2 battleaxe (10)]
  4659 | D:6      | 4659 ||| READING 2 scrolls of teleportation.
  4660 | D:6      | 4660 ||| DRINKING potion of heal wounds.
  4829 | D:6      | Reached XP level 10. HP: 63/63 MP: 13/13
  4974 | D:6      | Found a radiant altar of Vehumet.
  5089 | D:6      | 5089 ||| READING 2 scrolls of identify.
  5089 | D:6      | 5089 ||| IDENTIFYING fuming dark potion
  5090 | D:6      | 5090 ||| READING scroll of identify.
  5090 | D:6      | 5090 ||| IDENTIFYING puce potion
  5091 | D:6      | 5091 ||| READING 2 scrolls labelled LEZXODGH KOJEZ.
  5092 | D:6      | 5092 ||| DROPPING scroll of poison.
  5093 | D:6      | 5093 ||| DROPPING potion of invisibility.
  5120 | D:7      | Noticed Joseph
  5121 | D:7      | 5121 ||| PLANNING OSSUARY
  5138 | D:7      | Killed Joseph
  5213 | D:7      | 5213 ||| FLEEEEING.
  5214 | D:7      | 5214 ||| FLEEEEING.
  5215 | D:7      | 5215 ||| FLEEEEING.
  5216 | D:7      | 5216 ||| STAIRDANCE
  5318 | D:6      | 5318 ||| UPGRADING to +3 leather armour.
  5328 | D:6      | 5328 ||| DROPPING +0 ring mail.
  5331 | D:7      | 5331 ||| STAIRDANCE
  5346 | D:7      | 5346 ||| STAIRDANCE
  5352 | D:6      | Reached **** piety under Okawaru
  5384 | D:7      | 5384 ||| STAIRDANCE
  5417 | D:7      | Noticed Jeremiah
  5451 | D:7      | HP: 13/64 [Jeremiah/+2 trident of draining (8)]
  5452 | D:7      | 5452 ||| READING scroll of teleportation.
  5453 | D:7      | HP: 1/64 [Jeremiah/divine providence (12)]
  5454 | D:7      | Mangled by Jeremiah

Levels and vault maps discovered:
D:1:      heliophobic_arrival_henge, layout_basic, minmay_domino_4
D:2:      layout_basic, basic_altar, kennysheep_cross_room, roderic_lattice_a,
          uniq_natasha, uniq_robin, uniq_jessica
D:3:      cheibrodos_helix_gallery, layout_rooms, mainiacjoe_overflow_boulevard,
          minmay_ruptured, uniq_terence, uniq_sigmund, uniq_grinder
D:4:      layout_basic, minitemple, minmay_temple_entry_gardened_gates
D:5:      layout_loops_ring, lightli_temple_of_fire, uniq_edmund
D:6:      minmay_diamond_boxcup, layout_loops_ring,
          mainiacjoe_overflow_alcove_1, uniq_blork_the_orc
D:7:      layout_rooms, nicolae_ossuary_entry_ruins, serial_aquarium,
          aquarium_bridge_square [aquarium_subvault_bridge,
          aquarium_subvault_bridge, aquarium_subvault_bridge,
          aquarium_subvault_bridge], aquarium_bridge_straight
          [aquarium_subvault_bridge, aquarium_subvault_wall,
          aquarium_subvault_bridge, aquarium_subvault_balcony],
          aquarium_window_2, aquarium_window_fake, aquarium_window_1,
          aquarium_view_2a, aquarium_view_4, aquarium_balcony_double_2,
          aquarium_pool_2, minivault_24, uniq_joseph, uniq_jeremiah
Temple:   nicolae_temple_god_jail

Skill      XL: |  1  2  3  4  5  6  7  8  9 10 |
---------------+-------------------------------+-----
Ranged Weapons | 5 6 8 9 11 | 11.2
Armour         | 1 2 3 4 |  4.2
Fighting       | 3 5 6 7 8 |  8.0
Dodging        | 2 3 4 |  4.1
Invocations    | 2 4 |  4.5
Stealth        | |  1.1

Action                     |  1- 3 |  4- 6 |  7- 9 | 10-12 || total
---------------------------+-------+-------+-------+-------++-------
   Fire: Shortbow          |    78 |   127 |   350 |    98 ||   653
    Use: Scroll            |     5 |     5 |     4 |     4 ||    18
         Potion            |       |     2 |     2 |       ||     4
 Armour: Leather armour    |    16 |       |       |    40 ||    56
         Ring mail         |    17 |    29 |    90 |     9 ||   145
         Skin              |       |     5 |       |       ||     5
  Dodge: Dodged            |    22 |    39 |    92 |    64 ||   217

Table legend:
 A = Non-vault XP
 B = Vault XP
 C = Vault XP percentage of total XP
 D = Non-vault monster count
 E = Vault monster count
 F = Vault count percentage of total count
                 A         B        C        D         E       F
            +---------+---------+-------+---------+---------+-------
      Total |    4279 |    1849 |  30.2 |     145 |      32 |  18.1
            +---------+---------+-------+---------+---------+-------
        D:1 |      41 |      10 |  19.6 |      23 |       4 |  14.8
        D:2 |      87 |      98 |  53.0 |      16 |       9 |  36.0
        D:3 |      74 |     530 |  87.7 |      20 |       8 |  28.6
        D:4 |     520 |       0 |   0.0 |      28 |       0 |   0.0
        D:5 |    1311 |     169 |  11.4 |      19 |       1 |   5.0
        D:6 |    1909 |     608 |  24.2 |      33 |       9 |  21.4
        D:7 |     337 |     434 |  56.3 |       6 |       1 |  14.3
            +---------+---------+-------+---------+---------+-------
